 Dungeon Crawl Stone Soup version 0.29-a0-393-g47a863cc1b (webtiles) character file.

Game seed: 24314210509661552

5 happo123 the Ruffian (level 1, 0/33 HPs)
             Began as a Troll Berserker on May 10, 2022.
             Was a Follower of Trog.
             Slain by a giant cockroach (1 damage)
             ... on level 1 of the Dungeon.
             The game lasted 00:01:19 (137 turns).

happo123 the Ruffian (Troll Berserker)               Turns: 137, Time: 00:01:20

Health: 0/33       AC:  4    Str: 24    XL:     1   Next: 66%
Magic:  0/0        EV: 10    Int:  3    God:    Trog [*.....]
Gold:   0          SH:  0    Dex:  9    Spells: 0/0 levels left

rFire   . . .      SeeInvis .     - Unarmed
rCold   . . .      Faith    .   (no shield)
rNeg    . . .      Spirit   .   a - +0 animal skin
rPois   .          Reflect  .   (helmet restricted)
rElec   .          Harm     .   (no cloak)
rCorr   .          Rampage  .   (gloves unavailable)
Will    .....                   (boots unavailable)
Stlth   ..........              (no amulet)
HPRegen 0.91/turn               (no ring)
MPRegen 0.07/turn               (no ring)

@: berserking, very quick
A: large, unfitting armour, claws 3, regeneration 1, shaggy fur 1, tough skin 1
a: Renounce Religion, Berserk


You were on level 1 of the Dungeon.
You worshipped Trog.
Trog was aware of your devotion.
You visited 1 branch of the dungeon, and saw 1 of its levels.

Inventory:

Armour
 a - a +0 animal skin (worn)
Scrolls
 b - a scroll of poison {unknown}


   Skills:
 + Level 2.5 Fighting
 + Level 2.5 Dodging
 + Level 3.1 Unarmed Combat


You couldn't memorise any spells.
You didn't know any spells.
Your spell library was empty.

Dungeon Overview and Level Annotations

Branches:
Dungeon (1/15)

Altars:


Innate Abilities, Weirdness & Mutations

You are too large for most types of armour.
You have claws for hands.
Your natural rate of healing is unusually fast.
You are covered in fur. (AC +1)
You have tough skin. (AC +1)


Message History

You closely miss the hobgoblin.
The kobold shouts!
The hobgoblin barely misses you.
You barely miss the hobgoblin. The hobgoblin barely misses you.
The gnoll splashes around in the water.
You scratch the hobgoblin.
The hobgoblin is severely wounded.
A giant cockroach comes into view.
The hobgoblin barely misses you.
A gnoll comes into view. It is wielding a +0 club.
The gnoll hits you from afar with a +1 vorpal spear.
The gnoll shouts!
You scratch the hobgoblin but do no damage.
The hobgoblin is severely wounded.
The hobgoblin closely misses you.
The gnoll hits you from afar with a +1 vorpal spear!
You claw the hobgoblin!
You kill the hobgoblin!
Trog accepts your kill. The kobold hits you but does no damage.
The gnoll hits you from afar with a +1 vorpal spear.
* * * LOW HITPOINT WARNING * * *
x2 The kobold closely misses you.
The gnoll splashes around in the water.
The kobold attacks as you move away! The kobold hits you but does no damage.
A red film seems to cover your vision as you go berserk!
You feel yourself moving faster!
You feel mighty! The kobold barely misses you.
The giant cockroach closely misses you.
The gnoll hits you from afar with a +1 vorpal spear.
* * * LOW HITPOINT WARNING * * *
x2 You closely miss the kobold.
An endoplasm comes into view.
The endoplasm quivers.
You claw the kobold!
You kill the kobold!
Trog accepts your kill.
The giant cockroach bites you but does no damage.
The gnoll hits you from afar with a +1 vorpal spear.
* * * LOW HITPOINT WARNING * * *
x2 You barely miss the giant cockroach.
The giant cockroach bites you.
You die...

.$.......≈≈≈≈≈≈≈g≈≈≈≈≈≈≈
......=..≈≈≈≈≈≈≈≈≈≈≈≈≈≈≈
....J....≈≈≈#+#'#≈≈≈≈≈≈≈
..###...†≈≈≈'>..##'###+#
. #..g.≈≈≈'...'...†...
..####...≈≈≈#+###.#####.
.......g..≈≈≈≈#...#...#.
......B)⌠..≈≈≈'.⌠.'...##
.......@⌠..≈≈≈'.⌠.'.<.##
..........≈≈≈≈#...#...#.
.........≈≈≈#'#'#.#####.
.........≈≈≈'...#.......
..##.....≈≈≈'(..##'###+#
## ##....≈≈≈#+#'#≈≈≈≈≈≈≈
#....≈≈≈≈≈≈≈≈≈≈≈≈≈≈≈
#....≈≈≈≈≈≈≈≈≈≈≈≈≈≈≈
....≈≈≈≈≈≈≈≈≈≈≈≈≈≈≈


You could see 2 gnolls, an endoplasm and a giant cockroach.

Vanquished Creatures
  An endoplasm (D:1)
  A giant cockroach (D:1)
  A hobgoblin (D:1)
  A frilled lizard (D:1)
  A kobold (D:1)
5 creatures vanquished.

Vanquished Creatures (others)
  A plant (D:1)
1 creature vanquished.

Grand Total: 6 creatures vanquished

Notes
Turn   | Place    | Note
-------+----------+-------------------------------------------
     0 | D:1      | happo123 the Troll Berserker began the quest for the Orb.
     0 | D:1      | Reached XP level 1. HP: 22/22 MP: 0/0
   136 | D:1      | HP: 1/33 [gnoll/+1 vorpal spear (2)]
   137 | D:1      | Slain by a giant cockroach

Illustrated notes

Levels and vault maps discovered:
D:1:      dpeg_arrival_castle, layout_rooms, serial_forest,
          infiniplex_forest_clump_long, infiniplex_forest_straight_2,
          infiniplex_forest_clump_tiny, infiniplex_forest_lined_room_,
          infiniplex_forest_lined_3, infiniplex_forest_straight_2,
          infiniplex_forest_clump_tiny

Action                   || total
-------------------------++-------
Melee: Unarmed           ||    14
       Punch             ||     1
Invok: Berserk           ||     1
Armor: Animal skin       ||     4
Dodge: Dodged            ||     8

Table legend: (Time is in decaauts)
 A = Elapsed time spent in this place.
 B = Non-inter-level travel time spent in this place.
 C = Inter-level travel time spent in this place.
 D = Time resting spent in this place.
 E = Time spent auto-exploring this place.
 F = Levels seen in this place.
 G = Mean time per level.
                   A        B        C        D        E       F      G
               +--------+--------+--------+--------+--------+-----+--------+
         Total |    137 |    112 |     25 |      0 |     47 |   1 |  137.0 |
       Dungeon |    137 |    112 |     25 |      0 |     47 |   1 |  137.0 |
               +--------+--------+--------+--------+--------+-----+--------+

Top non-repeatable levels by time:
     D:1: 137 daAuts
